AoeStats
← EscrotoelEscrotoncio

Hill Fort

505519410Analyzed
2v2 RM · 21d ago on Sep 9, 2026· 66m 3s· 4 players
Game mode
Random Map
Map size
Medium (4 player)
Population
200
Speed
Normal
Resources
Standard
Victory
Conquest
Starting age
Dark Age
Ending age
Imperial Age
RankedLock teamsTeams togetherTeam positionsShared explorationLock speedFull tech treeHidden civsTurbo modeCheats
Victory
Defeat
🇨🇱 Magyars · Chile
815
+17
🇨🇴 Bulgarians · Colombia
787
+18
🇨🇱 Franks · Chile
962
-23
🇨🇱 Persians · Chile
710
-12
mauri90.hermosilla
10:41 Feudal Age
15:19 Double-Bit Axe
17:19 Wheelbarrow
20:52 Castle Age
20:21 Scale Barding Armor
21:19 Bloodlines
22:07 Hand Cart
21:23 Light Cavalry
22:07 Husbandry
24:15 Chain Barding Armor
24:23 Gold Mining
25:17 Bow Saw
25:41 Horse Collar
25:59 Stone Mining
27:56 Heavy Plow
31:41 Hand Cart
34:00 Gold Shaft Mining
33:27 Corvinian Army
33:51 Loom
40:21 Imperial Age
40:08 Pikeman
41:29 Halberdier
42:37 Town Watch
43:42 Plate Barding Armor
44:31 Town Patrol
44:58 Conscription
45:44 Fletching
46:02 Hussar
46:43 Bodkin Arrow
46:13 Elite Magyar Huszar
49:02 Caravan
51:15 Crop Rotation
51:49 Two-Man Saw
51:16 Recurve Bow
54:36 Parthian Tactics
53:32 Crossbowman
54:18 Thumb Ring
54:09 Arson
55:11 Scale Mail Armor
61:20 Chemistry
60:26 Siege Engineers
60:42 Ballistics
60:26 Bracer
60:27 Padded Archer Armor
60:42 Chain Mail Armor
ElLorenzuwu
7:56 Loom
10:19 Feudal Age
10:40 Horse Collar
10:47 Double-Bit Axe
19:12 Castle Age
18:47 Scale Barding Armor
18:54 Forging
19:26 Wheelbarrow
19:35 Stone Mining
20:20 Gold Mining
23:02 Chain Barding Armor
23:02 Squires
22:48 Arson
22:53 Gambesons
26:08 Iron Casting
26:36 Husbandry
26:48 Bloodlines
27:31 Devotion
27:40 Town Watch
28:01 Heavy Plow
28:24 Bow Saw
28:58 Fletching
29:10 Padded Archer Armor
29:11 Scale Mail Armor
33:56 Stirrups
36:37 Imperial Age
36:08 Ballistics
35:44 Murder Holes
36:15 Bodkin Arrow
37:34 Leather Archer Armor
37:35 Chain Mail Armor
39:49 Stirrups
40:52 Gold Shaft Mining
40:12 Elite Skirmisher
40:59 Thumb Ring
40:47 Elite Konnik
44:38 Chemistry
43:50 Masonry
44:06 Hand Cart
44:48 Bracer
45:25 Plate Barding Armor
45:54 Blast Furnace
44:55 Bracer
45:40 Conscription
48:39 Heavy Scorpion
50:29 Town Patrol
51:00 Bagains
50:36 Pikeman
51:48 Halberdier
54:05 Plate Mail Armor
54:07 Coinage
53:38 Caravan
62:06 Parthian Tactics
63:59 Architecture
63:34 Siege Engineers
64:10 Light Cavalry
HenryDxebec
7:34 Loom
9:46 Feudal Age
10:08 Double-Bit Axe
11:41 Gold Mining
13:37 Horse Collar
15:19 Stone Mining
17:22 Wheelbarrow
21:25 Castle Age
25:03 Pikeman
26:10 Hand Cart
26:23 Squires
31:07 Kamandaran
31:48 Crossbowman
33:37 Thumb Ring
42:30 Imperial Age
43:20 Padded Archer Armor
43:21 Scale Mail Armor
44:56 Chemistry
43:49 Halberdier
47:13 Bow Saw
47:05 Heavy Plow
47:26 Leather Archer Armor
49:32 Forging
49:54 Ring Archer Armor
49:33 Capped Ram
50:47 Siege Ram
52:56 Onager
59:46 Heated Shot
60:36 Iron Casting
60:16 Chain Mail Armor
59:52 Fletching
60:07 Scale Barding Armor
60:38 Crop Rotation
60:43 Elite War Elephant
61:07 Light Cavalry
61:49 Husbandry
62:00 Bloodlines
62:33 Conscription
61:55 Hussar
62:39 Elite Skirmisher
EscrotoelEscrotoncio
2:07 Loom
10:39 Feudal Age
11:55 Wheelbarrow
11:08 Double-Bit Axe
13:38 Town Watch
19:46 Castle Age
18:13 Gold Mining
18:30 Stone Mining
20:42 Hand Cart
20:40 Bow Saw
21:55 Forging
30:30 Scale Barding Armor
31:02 Iron Casting
37:12 Gold Shaft Mining
39:47 Imperial Age
38:44 Chain Barding Armor
38:15 Fletching
38:26 Padded Archer Armor
38:28 Husbandry
37:51 Pikeman
39:41 Gambesons
39:56 Squires
39:56 Bodkin Arrow
40:01 Elite Throwing Axeman
41:04 Conscription
40:25 Halberdier
41:10 Scale Mail Armor
40:56 Cavalier
43:25 #83
46:29 Chain Mail Armor
46:29 Leather Archer Armor
46:50 Plate Barding Armor
47:16 Blast Furnace
46:36 Elite Skirmisher
49:22 Plate Mail Armor
49:30 Paladin
59:58 Caravan
Connection lost

Rejoining the realm…

Still unreachable

The connection could not be restored.

Session expired

The server has moved on; the page needs a fresh start.